 Dungeon Crawl Stone Soup version 0.29.0-13-gc9e81de378 (webtiles) character file.

Game seed: 12178665876516765749

1468 QueenGhuleh the Cleaver (level 8, -5/109 HPs)
             Began as a Minotaur Berserker on Sept 8, 2022.
             Was a Priest of Trog.
             Slain by a two-headed ogre
             ... wielding a +0 giant club
              (31 damage)
             ... on level 7 of the Dungeon.
             The game lasted 00:10:04 (6020 turns).

QueenGhuleh the Cleaver (Minotaur Berserker)        Turns: 6020, Time: 00:10:05

Health: -5/109     AC: 11    Str: 24    XL:     8   Next: 48%
Magic:  7/7        EV:  9    Int:  4    God:    Trog [***...]
Gold:   389        SH:  0    Dex: 10    Spells: 7/7 levels left

rFire   . . .      SeeInvis .   k - +0 war axe
rCold   + . .      Faith    .   (no shield)
rNeg    . . .      Spirit   .   m - +2 chain mail {rC+}
rPois   .          Reflect  .   (helmet restricted)
rElec   .          Harm     .   (no cloak)
rCorr   .          Rampage  .   (no gloves)
Will    .....                   (no boots)
Stlth   ..........              (no amulet)
HPRegen 0.28/turn               (no ring)
MPRegen 0.10/turn               (no ring)

@: berserking, very quick
A: horns 2, retaliatory headbutt
a: Renounce Religion, Berserk, Trog's Hand


You were on level 7 of the Dungeon.
You worshipped Trog.
Trog was most pleased with you.
You visited 1 branch of the dungeon, and saw 7 of its levels.

You collected 389 gold pieces.

Inventory:

Hand Weapons
 k - a +0 war axe (weapon)
Armour
 m - a +2 chain mail of cold resistance (worn)
Jewellery
 o - a +4 ring of protection
 q - a ring of fire
 u - an amulet of regeneration
Wands
 d - a wand of flame (27)
 s - a wand of iceblast (14)
 x - a wand of polymorph (10)
Scrolls
 a - 2 scrolls of vulnerability {unknown}
 e - 2 scrolls of blinking {unknown}
 f - 2 scrolls of fear {unknown}
 i - 2 scrolls of immolation {unknown}
 l - 3 scrolls of poison {unknown}
 r - a scroll of identify {unknown}
 t - a scroll of brand weapon {unknown}
Potions
 b - a potion of lignification {unknown}
 c - 2 potions of might {unknown}
 g - 2 potions of curing {unknown}
 h - a potion of magic {unknown}
 j - 2 potions of mutation {unknown}
 n - a potion of attraction {unknown}
 p - 2 potions of resistance {unknown}
 v - a potion of heal wounds {unknown}
 w - a potion of berserk rage {unknown}


   Skills:
 + Level 7.0 Fighting
 + Level 9.7 Axes
 + Level 5.3 Armour
 + Level 3.4 Dodging
 + Level 2.0 Stealth


You had 7 spell levels left.
You didn't know any spells.
Your spell library was empty.

Dungeon Overview and Level Annotations

Branches:
Dungeon (7/15)
 Temple: D:4-7

Altars:
Ashenzari
Dithmenos
Elyvilon
Kikubaaqudgha
Nemelex Xobeh
Okawaru
Qazlal
Uskayaw
Vehumet
Zin
The Shining One


Innate Abilities, Weirdness & Mutations

You have a pair of horns on your head.
You reflexively headbutt those who attack you in melee.


Message History

The centaur shouts!
You hear two shouts!
The centaur wields a +0 shortbow.
The centaur shoots an arrow.
The arrow hits you.
The centaur shoots an arrow.
The arrow hits you.
The centaur shoots an arrow.
The arrow hits you!
The centaur shoots an arrow.
The arrow hits you.
You hear two shouts!
The centaur shoots an arrow.
The arrow hits you!
A two-headed ogre comes into view. It is wielding two +0 giant clubs.
The centaur unwields a +0 shortbow.
The centaur hits you but does no damage.
The centaur kicks you but does no damage.
You slash the centaur!
The centaur is heavily wounded.
The centaur hits you but does no damage.
The centaur kicks you but does no damage.
The centaur hits you but does no damage.
The centaur kicks you but does no damage.
You hit the centaur. You headbutt the centaur.
The centaur is severely wounded.
The centaur hits you.
The centaur kicks you but does no damage.
You slice the centaur!!
You kill the centaur!
Trog accepts your kill.
Your Fighting skill increases to level 7!
A white imp comes into view.
The white imp shouts!
The two-headed ogre hits you with a +0 giant club!!
* * * LOW HITPOINT WARNING * * *
The two-headed ogre hits you with a +0 giant club.
* * * LOW HITPOINT WARNING * * *
You are too injured to fight recklessly!
You are too injured to fight recklessly!
A red film seems to cover your vision as you go berserk!
You feel yourself moving faster!
You feel mighty!
You slash the two-headed ogre!
The two-headed ogre is moderately wounded.
The two-headed ogre hits you with a +0 giant club!!
You die...

# #### ## # #####
#..####.###### #
.....###.....# #...# #
.......#....# ###.#####
.........#.########..##.
........................
......................#.
......O@................
..5....)##..............
....#..####.............
#.. ##. #..............
. .. ...##...........
.## #.. ##.......... .#
.# #......... ..
......... ..#.(...


You could see a two-headed ogre and a white imp.

Vanquished Creatures
  An orc warrior (D:7)
  2 black bears
  A sky beast (D:6)
  A centaur (D:7)
  An ogre (D:3)
  A phantom (D:6)
  A bullfrog (D:7)
  A necrophage (D:5)
  3 scorpions
  2 hounds
  2 jellies (D:6)
  2 iguanas
  Jessica (D:2)
  Natasha (thrice) (D:2)
  2 orc wizards
  Robin (D:4)
  6 adders
  5 gnolls
  A white imp (D:6)
  2 worms
  3 dart slugs
  19 orcs
  7 bats
  6 endoplasms
  4 giant cockroaches
  12 goblins
  10 hobgoblins
  9 kobolds
  6 quokkas
  12 ball pythons
  3 frilled lizards
  7 rats
137 creatures vanquished.

Notes
Turn   | Place    | Note
-------+----------+-------------------------------------------
     0 | D:1      | QueenGhuleh the Minotaur Berserker began the quest for the
                  | Orb.
     0 | D:1      | Reached XP level 1. HP: 19/19 MP: 0/0
   364 | D:1      | Reached skill level 4 in Axes
   506 | D:1      | Reached XP level 2. HP: 27/27 MP: 1/1
   817 | D:1      | Reached XP level 3. HP: 23/34 MP: 2/2
   946 | D:1      | Reached ** piety under Trog
  1585 | D:2      | Noticed Jessica
  1589 | D:2      | Killed Jessica
  1590 | D:2      | Reached XP level 4. HP: 23/41 MP: 3/3
  1890 | D:2      | Noticed Natasha
  1895 | D:2      | Killed Natasha
  1896 | D:2      | Reached skill level 5 in Axes
  2122 | D:2      | Noticed Natasha
  2134 | D:2      | Killed Natasha
  2135 | D:2      | Reached skill level 5 in Fighting
  2135 | D:2      | Reached XP level 5. HP: 33/48 MP: 4/4
  2456 | D:2      | Noticed Natasha
  2467 | D:2      | Killed Natasha
  3032 | D:3      | Found a stormy altar of Qazlal.
  3054 | D:3      | Found a shadowy altar of Dithmenos.
  3054 | D:3      | Found a radiant altar of Vehumet.
  3054 | D:3      | Found a glowing golden altar of the Shining One.
  3054 | D:3      | Found a glowing silver altar of Zin.
  3057 | D:3      | Found an iron altar of Okawaru.
  3075 | D:3      | Noticed an ogre
  3078 | D:3      | Killed an ogre
  3079 | D:3      | Reached skill level 6 in Axes
  3079 | D:3      | Reached skill level 1 in Stealth
  3079 | D:3      | Reached XP level 6. HP: 56/56 MP: 5/5
  3281 | D:3      | Found a broken altar of Ashenzari.
  3356 | D:3      | Found an ancient bone altar of Kikubaaqudgha.
  3600 | D:3      | Found a sparkling altar of Nemelex Xobeh.
  3749 | D:4      | Noticed Robin
  3764 | D:4      | Killed Robin
  3813 | D:4      | Reached *** piety under Trog
  3855 | D:4      | You fall into a shaft and drop 1 floor!
  3855 | D:5      | Entered Level 5 of the Dungeon
  3856 | D:5      | Found a white marble altar of Elyvilon.
  3962 | D:5      | Reached skill level 7 in Axes
  4015 | D:5      | Reached XP level 7. HP: 60/62 MP: 6/6
  4120 | D:5      | Identified the +4 trident "Kuashoexto" {vamp, rF+ Dex+5}
  4656 | D:6      | Reached skill level 8 in Axes
  5185 | D:6      | Reached XP level 8. HP: 71/71 MP: 7/7
  5280 | D:6      | Reached skill level 9 in Axes
  5313 | D:6      | Found a hide-covered altar of Uskayaw.
  5568 | D:7      | Reached skill level 5 in Armour
  6013 | D:7      | Noticed a two-headed ogre
  6020 | D:7      | Slain by a two-headed ogre

Illustrated notes

Levels and vault maps discovered:
D:1:      evilmike_arrival_plus, layout_basic, roderic_roman_lattice,
          chequers_serial_rivers_small_3, minmay_pentomino_s2
D:2:      layout_loops_ring, uniq_jessica, uniq_natasha
D:3:      layout_loops_ring, overflow_temple_1_default,
          mainiacjoe_overflow_swirl, grunt_temple_overflow_open,
          mainiacjoe_overflow_paths, minmay_misc_feat_room
D:4:      layout_loops_cross, nzn_wu_jian_council_hall, lemuel_tele_altar,
          minmay_temple_entry_poolview, uniq_robin, uniq_menkaure
D:5:      layout_cave_pools, mainiacjoe_overflow_catwalk,
          chequers_serial_rivers_micro_c
D:6:      layout_gridville, lemuel_doored_altar
D:7:      layout_layer_cave, uniq_maggie

Skill      XL: |  1  2  3  4  5  6  7  8 |
---------------+-------------------------+-----
Axes           | 4 5 6 7 8 9 |  9.7
Fighting       | 4 5 6 7 |  7.0
Dodging        | 3 |  3.4
Stealth        | 1 2 |  2.0
Armour         | 4 5 |  5.3

Action                   |  1- 3 |  4- 6 |  7- 9 || total
-------------------------+-------+-------+-------++-------
Melee: Hand axe          |    82 |       |       ||    82
       Headbutt          |    11 |    19 |    22 ||    52
       War axe           |       |   107 |   104 ||   211
       Punch             |       |     2 |     1 ||     3
Invok: Berserk           |       |     3 |     5 ||     8
 Stab: Sleeping          |       |     1 |       ||     1
Armor: Animal skin       |    13 |     1 |       ||    14
       Chain mail        |       |    41 |    55 ||    96
Dodge: Dodged            |    48 |    69 |    48 ||   165
